 Dungeon Crawl Stone Soup version 0.20.1-1-g8b1a95d (webtiles) character file.

227 empire the Shield-Bearer (level 5, -3/47 HPs)
             Began as a Minotaur Fighter on Aug 7, 2017.
             Killed by divine providence
             ... invoked by an orc priest
              (14 damage)
             ... on level 4 of the Dungeon.
             The game lasted 00:05:22 (2785 turns).

empire the Shield-Bearer (Minotaur Fighter)         Turns: 2785, Time: 00:05:23

Health: -3/47      AC:  7    Str: 20    XL:     5   Next: 70%
Magic:  4/4        EV:  8    Int:  5    God:
Gold:   169        SH:  9    Dex: 11    Spells: 4/4 levels left

rFire    + . .     SeeInvis .   a - +0 long sword
rCold    + . .     Gourm    .   c - +0 shield
rNeg     + . .     Faith    .   b - +0 scale mail
rPois    .         Spirit   .   (helmet restricted)
rElec    .         Reflect  .   C - scarf {rC+ rF+}
rCorr    .         Harm     .   (no gloves)
MR       .....                  (no boots)
Stlth    ..........             (no amulet)
Regen    0.2/turn               e - ring of positive energy
MPRegen  0.1/turn               (no ring)

@: no status effects
A: retaliatory headbutt, horns 2
a: no special abilities


You were on level 4 of the Dungeon.
You were not hungry.

You visited 1 branch of the dungeon, and saw 4 of its levels.

You collected 169 gold pieces.

Inventory:

Hand Weapons
 a - a +0 long sword (weapon)
Armour
 b - a +0 scale mail (worn)
 c - a +0 shield (worn)
 s - a +0 plate armour
 C - a scarf of resistance (worn)
Jewellery
 e - a ring of positive energy (left hand)
 B - an uncursed ring of teleportation
Wands
 q - a wand of lightning (6/15)
Scrolls
 j - a scroll of enchant armour {unknown}
 l - a scroll of immolation {unknown}
 m - a scroll of blinking {unknown}
 p - a scroll of random uselessness {unknown}
 r - a scroll of enchant weapon {unknown}
 t - a scroll of amnesia {unknown}
 v - a scroll of teleportation
 y - 2 scrolls of fear
 E - a scroll of recharging
Potions
 d - a potion of might
 n - 3 potions of curing
 o - a potion of lignification
 u - a potion of ambrosia
 x - a potion of degeneration
 A - 2 potions of flight
Comestibles
 f - 3 bread rations
 h - 2 royal jellies
 k - 6 meat rations


   Skills:
 + Level 4.8 Fighting
 + Level 3.8 Long Blades
 + Level 4.5 Armour
 + Level 2.5 Dodging
 + Level 4.8 Shields


You had 4 spell levels left.
You didn't know any spells.

Dungeon Overview and Level Annotations

Branches:
Dungeon (4/15)
 Temple: D:4-7

Altars:
Kikubaaqudgha

Annotations:
D:4 Sigmund


Innate Abilities, Weirdness & Mutations

You reflexively headbutt those who attack you in melee.
You have a pair of horns on your head.


Message History

You barely miss the orc. You headbutt the orc.
You kill the orc!
The orc barely misses you.
You slash the orc!
You kill the orc!
The orc priest calls down the wrath of Beogh upon you.
Beogh smites you!
The orc priest looks satisfied for a moment.
The orc priest mumbles some strange prayers to Beogh against you.
Beogh smites you!
* * * LOW HITPOINT WARNING * * *
An orc comes into view.
Items here: )) †† a mace; a club; an orc corpse x2
Unknown command.
You hit the orc priest.
The orc priest is moderately wounded.
The orc priest calls down the wrath of Beogh upon you.
Beogh smites you!
You die...

.# ##.## #...
#..# #..######
#....<..# #.#
#.# #@# #o.#
#o## .## ..##
##..# #.@.
#..#######.###
#..@..§.§.....


You could see an orc priest and an orc.

Vanquished Creatures
  A centaur (D:4)
  A hound (D:4)
  6 adders
  A worm (D:2)
  A dart slug (D:1)
  3 leopard geckos
  2 orcs (D:4)
  A ball python (D:4)
  2 giant cockroaches (D:2)
  7 goblins
  6 hobgoblins
  A quokka (D:3)
  14 bats
  5 frilled lizards
  4 kobolds
  9 rats
64 creatures vanquished.

Notes
Turn   | Place    | Note
-------+----------+-------------------------------------------
     0 | D:1      | empire the Minotaur Fighter began the quest for the Orb.
     0 | D:1      | Reached XP level 1. HP: 19/19 MP: 0/0
   175 | D:1      | Reached XP level 2. HP: 26/27 MP: 1/1
   712 | D:2      | Reached XP level 3. HP: 30/33 MP: 2/2
   892 | D:2      | Found a faded altar of an unknown god.
  1067 | D:2      | Reached XP level 4. HP: 31/40 MP: 3/3
  1109 | D:2      | Reached skill level 1 in Dodging
  2039 | D:3      | Found an ancient bone altar of Kikubaaqudgha.
  2754 | D:4      | Noticed a centaur
  2760 | D:4      | Killed a centaur
  2760 | D:4      | Reached XP level 5. HP: 36/47 MP: 4/4
  2767 | D:4      | Noticed Sigmund
  2785 | D:4      | Killed from afar by an orc priest

Skill      XL: |  1  2  3  4 |
---------------+-------------+-----
Shields        | 4 |  4.8
Fighting       | 4 |  4.8
Long Blades    | 3 |  3.8
Armour         | 4 |  4.5
Dodging        | 2 |  2.5

Action                   |  1- 3 |  4- 6 || total
-------------------------+-------+-------++-------
Melee: Long sword        |    76 |    78 ||   154
       Headbutt          |     6 |    11 ||    17
  Use: Scroll            |       |    13 ||    13
  Eat: Chunk             |       |     6 ||     6
Armor: Scale mail        |    43 |    37 ||    80
Dodge: Dodged            |    33 |    25 ||    58
Block: Shield            |    43 |    38 ||    81
       Rpst.: Long sword |    10 |     6 ||    16
